 Dungeon Crawl Stone Soup version 0.32-a0-932-g546787307d (webtiles) character file.

Game seed: 11127932749723053241

2921900 Sergey the Ninja (level 27, 211/211 HPs)
             Began as a Kobold Air Elementalist on Apr 14, 2024.
             Was the Champion of Nemelex Xobeh.
             Escaped with the Orb
             ... and 5 runes on Apr 15, 2024!
             The game lasted 03:36:28 (75544 turns).

Sergey the Ninja (Kobold Air Elementalist)         Turns: 75544, Time: 03:36:28

Health: 211/211    AC: 21    Str: 10    XL:     27
Magic:  46/46      EV: 50    Int: 18    God:    Nemelex Xobeh [******]
Gold:   5010       SH: 16    Dex: 36    Spells: 14/34 levels left

rFire   + + +        w - +8 Vampire's Tooth {megavamp}
rCold   + . .        e - +1 buckler {AC+3}
rNeg    + . .        K - +2 robe of Teaz {rElec rN+ Str+4 Stlth-}
rPois   +            n - +2 hat of Hedging {rPois Will+ Stlth+}
rElec   +            S - +2 cloak {Stlth+}
rCorr   +            I - +4 pair of gloves "Udovukk" {Will- Regen+ Int+3 Stlth+}
SInv    .            Q - +2 pair of boots {Stlth+}
Will    ++++.        Y - amulet of the Philosopher {Reflect Will++ Int-3 Dex+5 SH+5}
Stlth   +++++        j - ring of Xom's Passing Interest {rPois rF+ rC+ Dex+6}
HPRegen 1.35/turn    t - ring "Myug" {rElec rF+++ rCorr MP+9 Int-4}
MPRegen 0.30/turn

%: reflection
@: studying 3 skills
A: small, no large weapons, nightstalker 3, clever 1, poison resistance, robust
1, evolution 1, persistent drain
0: Orb of Zot
}: 5/15 runes: decaying, slimy, silver, abyssal, gossamer
a: Renounce Religion, Draw Escape, Draw Destruction, Draw Summoning, Draw Stack,
Triple Draw, Deal Four, Stack Five


You escaped.
You worshipped Nemelex Xobeh.
Nemelex Xobeh was exalted by your worship.
You visited 10 branches of the dungeon, and saw 52 of its levels.
You visited the Abyss 1 time.
You also visited: Trove, Ossuary, Gauntlet, Ice Cave and Wizlab.

You collected 9803 gold pieces.
You spent 4793 gold pieces at shops.

Inventory:

Hand Weapons
 q - the +7 rapier of Enymeh {heavy, MP+9 Dex+2}
   (You took it off a vampire mage on level 3 of the Depths)

   Dex+2:     It affects your dexterity (+2).
   MP+9:      It affects your magic capacity (+9).
 w - the +8 Vampire's Tooth (weapon) {megavamp}
   (You found it on level 11 of the Dungeon)
Missiles
 N - 13 curare-tipped darts
 O - 3 throwing nets
Armour
 e - a +1 buckler of protection (worn)
 g - the orb of Tiexy Jaid {*channel, rC+ Slay+2}
   (You found it on level 14 of the Dungeon)

   Slay+2:    It affects your accuracy & damage with ranged weapons and melee
   (+2).
   rC+:       It protects you from cold.
 n - the +2 hat of Hedging (worn) {rPois Will+ Stlth+}
   (You found it on level 11 of the Dungeon)

   rPois:     It protects you from poison.
   Will+:     It increases your willpower.
   Stlth+:    It makes you more stealthy.
 H - the +1 pair of gloves of Heresy {rPois rCorr Int+4 Dex+2}
   (You found it in a treasure trove)

   Int+4:     It affects your intelligence (+4).
   Dex+2:     It affects your dexterity (+2).
   rPois:     It protects you from poison.
   rCorr:     It protects you from acid and corrosion.
 I - the +4 pair of gloves "Udovukk" (worn) {Will- Regen+ Int+3 Stlth+}
   (You found it in a Gauntlet)

   Int+3:     It affects your intelligence (+3).
   Will-:     It decreases your willpower.
   Regen+:    It increases your rate of health regeneration.
   Stlth+:    It makes you more stealthy.
 K - the +2 robe of Teaz (worn) {rElec rN+ Str+4 Stlth-}
   (You found it on level 3 of the Swamp)

   Str+4:     It affects your strength (+4).
   rElec:     It insulates you from electricity.
   rN+:       It protects you from negative energy.
   Stlth-:    It makes you less stealthy.
 Q - a +2 pair of boots of stealth (worn)
 S - a +2 cloak of stealth (worn)
 X - a scarf of resistance
Jewellery
 j - the ring of Xom's Passing Interest (left hand) {rPois rF+ rC+ Dex+6}
   (You found it on level 3 of the Depths)

   [ring of dexterity]

   Dex+6:     It affects your dexterity (+6).
   rF+:       It protects you from fire.
   rC+:       It protects you from cold.
   rPois:     It protects you from poison.
 s - the ring "Tusej" {Will+ Str+2 Int-5 Slay+3 Stlth+}
   (You bought it in a shop on level 10 of the Dungeon)

   [ring of willpower]

   Str+2:     It affects your strength (+2).
   Int-5:     It affects your intelligence (-5).
   Slay+3:    It affects your accuracy & damage with ranged weapons and melee
   (+3).
   Will+:     It increases your willpower.
   Stlth+:    It makes you more stealthy.
 t - the ring "Myug" (right hand) {rElec rF+++ rCorr MP+9 Int-4}
   (You took it off a vault warden on level 5 of the Vaults)

   [ring of resist corrosion]

   Int-4:     It affects your intelligence (-4).
   rF+++:     It renders you almost immune to fire.
   rElec:     It insulates you from electricity.
   MP+9:      It affects your magic capacity (+9).
   rCorr:     It protects you from acid and corrosion.
 B - a ring of protection from fire
 L - a +6 ring of dexterity
 U - a +4 ring of protection
 Y - the amulet of the Philosopher (around neck) {Reflect Will++ Int-3 Dex+5 SH+5}
   (You bought it in a shop on level 15 of the Dungeon)

   [amulet of reflection]

   Reflect:   It reflects blocked missile attacks.
   Int-3:     It affects your intelligence (-3).
   Dex+5:     It affects your dexterity (+5).
   Will++:    It greatly increases your willpower.
   SH+5:      It affects your SH (+5).
Wands
 c - a wand of quicksilver (13)
 i - a wand of iceblast (33)
 u - a wand of mindburst (13)
 v - a wand of digging (10)
 E - a wand of charming (33)
Scrolls
 a - 5 scrolls of butterflies
 d - 2 scrolls of enchant armour
 l - 3 scrolls of fog {@r2}
 m - 4 scrolls of blinking {@r4}
 p - 4 scrolls of fear
 z - 2 scrolls of revelation {@r5}
 J - 3 scrolls of immolation
 M - 13 scrolls of teleportation {@r3}
 P - 2 scrolls of silence {!r}
 Z - 3 scrolls of vulnerability {!r}
Potions
 b - 7 potions of brilliance
 f - 2 potions of magic
 h - 15 potions of ambrosia
 k - 6 potions of enlightenment
 o - 6 potions of curing {@q2}
 r - 7 potions of mutation
 A - 6 potions of haste {@q5}
 D - 7 potions of lignification
 F - 5 potions of resistance
 G - 4 potions of cancellation
 R - a potion of might {@q3}
 T - 12 potions of heal wounds {@q1}
 W - 6 potions of invisibility
Miscellaneous
 x - a phial of floods
 y - a phantom mirror
 C - a box of beasts
 V - a condenser vane (inert)


   Skills:
 + Level 24.8 Fighting
 - Level 14.0(17.0) Short Blades
 - Level 10.5(12.0) Long Blades
 - Level 3.0 Throwing
 - Level 7.4 Armour
 - Level 24.0 Dodging
 O Level 27 Stealth
 - Level 12.0 Shields
 - Level 4.0 Spellcasting
 - Level 2.0 Conjurations
 - Level 12.0 Hexes
 - Level 4.0 Ice Magic
 - Level 10.0 Air Magic
 - Level 20.0 Invocations
 - Level 10.0 Evocations
 - Level 0.4 Shapeshifting


You had 14 spell levels left.
You knew the following spells:

 Your Spells              Type           Power      Damage    Failure   Level
a - Enfeeble              Hex            23%        N/A       75%         7
b - Ensorcelled Hibernat  Hex/Ice        64%        N/A       1%          2
c - Shock                 Conj/Air       100%       1d9       1%          1
d - Static Discharge      Conj/Air       50%        3-6/arc   2%          2
s - Silence               Hex/Air        21%        N/A       5%          5
C - Swiftness             Air            39%        N/A       1%          3

Your spell library contained the following spells:

 Spells                   Type           Power      Damage    Failure   Level
 Jinxbite                 Hex            92%        N/A       1%          2
 Confusing Touch          Hex            46%        N/A       1%          3
 Cause Fear               Hex            23%        N/A       1%          4
 Mercury Vapours          Alch/Air       42%        N/A       3%          2
 Airstrike                Air            19%        2d(3-19)  3%          4
 Inner Flame              Hex/Fire       25%        N/A       4%          3
 Cigotuvi's Dreadful Rot  Necr/Alch/Air  30%        N/A       8%          2
 Frozen Ramparts          Ice            36%        1d6       11%         3
 Mephitic Cloud           Conj/Alch/Air  18%        N/A       11%         3
 Ozocubu's Armour         Ice            18%        N/A       11%         3
 Kiss of Death            Conj/Necr      28%        2d7       12%         1
 Sting                    Conj/Alch      28%        1d4       12%         1
 Anguish                  Hex/Necr       12%        N/A       16%         4
 Necrotise                Necr           12%        1d4       19%         1
 Sandblast                Erth           6%         2d5       19%         1
 Metabolic Englaciation   Hex/Ice        16%        N/A       19%         5
 Sublimation of Blood     Necr           3%         N/A       28%         2
 Stone Arrow              Conj/Erth      14%        3d7       36%         3
 Call Canine Familiar     Summ           3%         N/A       50%         3
 Vampiric Draining        Necr           3%         2d6       50%         3
 Freezing Cloud           Conj/Ice/Air   11%        6-21      52%         5
 Brom's Barrelling Bould  Conj/Erth      7%         2d3       77%         4
 Iskenderun's Mystic Bla Conj/Tloc 7%             2d4        (+2d1     77%         4
 Animate Armour           Summ/Erth      6%         N/A       88%         4
 Animate Dead             Necr           3%         N/A       88%         4
 Dispel Undead            Necr           3%         3d7       88%         4
 Ignite Poison            Fire/Alch      3%         N/A       88%         4
 Leda's Liquefaction      Alch/Erth      1%         N/A       88%         4
 Martyr's Knell           Necr/Summ      3%         N/A       88%         4
 Olgreb's Toxic Radiance  Alch           3%         N/A       88%         4
 Petrify                  Alch/Erth      3%         N/A       88%         4
 Iskenderun's Battlesphe  Conj           10%        2d6       92%         5
 Conjure Ball Lightning   Conj/Air       12%        3x3d6     94%         6
 Fireball                 Conj/Fire      3%         3d4       98%         5
 Irradiate                Conj/Alch      3%         3d12      98%         5
 Alistair's Intoxication  Alch           2%         N/A       99%         5
 Borgnjor's Vile Clutch   Necr/Erth      1%         N/A       99%         5
 Curse of Agony           Necr           3%         N/A       99%         5
 Lee's Rapid Deconstruct  Erth           1%         3d4*      99%         5
 Bombard                  Conj/Erth      3%         9d1       100%        6
 Death Channel            Necr           1%         N/A       100%        6
 Eringya's Noxious Bog    Alch           1%         4d6       100%        6
 Sculpt Simulacrum        Ice/Alch       5%         N/A       100%        6
 Summon Cactus Giant      Summ           1%         N/A       100%        6
 Monstrous Menagerie      Summ           1%         N/A       100%        7
 Orb of Destruction       Conj           5%         9d5       100%        7
 Spellforged Servitor     Conj/Summ      3%         N/A       100%        7
 Borgnjor's Revivificati  Necr           1%         N/A       100%        8
 Ignition                 Fire           1%         3d3       100%        8
 Lehudib's Crystal Spear  Conj/Erth      3%         10d3      100%        8
 Death's Door             Necr           1%         N/A       100%        9
 Dragon's Call            Summ           1%         N/A       100%        9
 Fire Storm               Conj/Fire      3%         8d1       100%        9
 Polar Vortex             Ice            9%         12d1*     100%        9


Dungeon Overview and Level Annotations

Branches:
Dungeon (15/15)            Temple (0/1) D:4            Lair (5/5) D:11
  Swamp (4/4) Lair:2       Spider (4/4) Lair:3        Slime (5/5) Lair:5
    Orc (2/2) D:10            Elf (3/3) Orc:2        Vaults (5/5) D:14
  Crypt (0/3) Vaults:3     Depths (4/4) D:15            Zot (5/5) Depths:4
Ossuary (visited)           IceCv (visited)          WizLab (visited)
Gauntlet (visited)

Altars:
Ashenzari
Cheibriados
Dithmenos
Elyvilon
Fedhas
Gozag
Kikubaaqudgha
Makhleb
Nemelex Xobeh
Okawaru
Qazlal
Sif Muna
Vehumet
Wu Jian
Xom
Yredelemnul
Beogh
Jiyva
Lugonu

Shops:
D:2 (=   D:10 =   D:11 ?   D:12 (   D:15 =   Orc:2 =[[:   Elf:2 (   Vaults:3 =[
Vaults:4 (   Depths:2 :

Portals:
Hell: Depths:1 Depths:2 Depths:3
Abyss: Depths:3
Pandemonium: Depths:2 Depths:3

Annotations:
D:2 1 runed translucent door, 1 exclusion, Crazy Yiuf
D:7 exclusions: 2 downstairs, ice beast, 2 upstairs and 8 more exclusions
D:8 exclusion: statue
D:10 exclusion: downstairs
Lair:3 1 runed translucent door
Orc:2 3 runed translucent doors
Elf:2 3 runed translucent doors


Innate Abilities, Weirdness & Mutations

You are small and have problems with some larger weapons.
You are completely attuned to the shadows.
Your mind is acute. (Int +4, Str/Dex -1)
Your system is resistant to poisons. (rPois)
You are robust. (+10% HP)
You have hidden genetic potential.
Your health recovers twice as slowly from being drained.


Message History

There is a stone staircase leading up here.
There is a stone staircase leading up here.
You climb upwards.
There is a stone staircase leading down here.
You see here a +0 club.
There is a stone staircase leading up here.
You climb upwards.
Level annotation: 1 runed translucent door, 1 exclusion, Crazy Yiuf
There is a stone staircase leading down here.
There is an open door here.
There is a stone staircase leading down here.
There is a stone staircase leading up here.
You climb upwards.
A sixfirhy comes into view.
There is a stone staircase leading down here.
You hit the sixfirhy. You puncture the sixfirhy!
The sixfirhy is moderately wounded.
You puncture the sixfirhy! You hit the sixfirhy.
The sixfirhy is severely wounded.
You miss the sixfirhy. You closely miss the sixfirhy.
The sixfirhy is severely wounded.
You block the sixfirhy's attack. The sixfirhy misses you.
The sixfirhy completely misses you.
You puncture the sixfirhy! You miss the sixfirhy.
The sixfirhy is almost dead.
The sixfirhy misses you. You block the sixfirhy's attack.
You puncture the sixfirhy!
You kill the sixfirhy!
Things that are here:
5 stones; a hobgoblin skeleton A rust devil comes into view.
The rust devil completely misses you.
You impale the rust devil!! You hit the rust devil.
The rust devil is severely wounded.
You puncture the rust devil! x2
You kill the rust devil!
No target in view!
No target in view!
There is a staircase leading out of the dungeon here.
You have escaped!

...# #.....#..# #.##.#.##
...# #....#)#.##
##'##..... ...#
#....#.#..## #......#.#
...# #....#..#..#
#...##.... ####
#....#...#.#####...##.###
####.#...#....###'###.# #
#.....#.##..#..# #.###
#...#.#...#...## #.#.'
#..#.@#....#..# #.###
#..#......#...####'###
#..#.#####..#.#.....##
#..#.......#..#.....#
#.#...#.####.##.....#
#.#..#..# #.##.....##
#.#.#.### #.##.......
#.#.#.# #.##.......
#..#..# ###.##.......


There were no monsters in sight!

Vanquished Creatures
  the Royal Jelly (Slime:5)
  4 dread liches
  An ancient lich (Zot:5)
  4 orbs of fire (Zot:5)
  A juggernaut (Depths:3)
  Sojobo (Vaults:4)
  8 Killer Klowns (Zot:5)
  Bai Suzhen (Swamp:4)
  7 golden dragons
  Nikola (Spider:4)
  A bone dragon (Vaults:3)
  Arachne (Spider:2)
  2 electric golems (Zot:5)
  2 doom hounds (Zot:1)
  11 tentacled monstrosities
  Jorgrun (Swamp:2)
  2 liches (Vaults:5)
  25 Orb Guardians (Zot:5)
  6 titans
  A walking earthen tome (Depths:3)
  3 quicksilver dragons
  2 deep elf master archers (Elf:3)
  Grunn (Zot:1)
  2 deep elf blademasters (Elf:3)
  12 acid blobs
  A death cob (Zot:3)
  6 sphinxes
  A tentacled starspawn (Abyss:3)
  2 thorn hunters (Swamp:4)
  Aizul (Swamp:3)
  Gastronok (Orc:1)
  6 shadow dragons
  4 tengu reavers
  6 rockslimes
  6 storm dragons
  4 azure jellies
  3 nagarajas (WizLab)
  4 frost giants
  A draconian knight (Zot:4)
  5 deep elf sorcerers
  8 fire giants
  A draconian shifter (Zot:5)
  An iron dragon (Depths:3)
  5 emperor scorpions
  Louise (Swamp:3)
  19 vault wardens
  A draconian scorcher (Zot:4)
  3 draconian stormcallers (Zot:5)
  7 deep elf elementalists
  4 spriggan defenders
  A draconian annihilator (Zot:4)
  9 quicksilver oozes
  10 ghost moths
  5 orc warlords
  2 ghouls (Swamp:4)
  20 ironbound preservers
  3 broodmothers
  7 formless jellyfish
  18 very ugly things
  A demonspawn corrupter (WizLab)
  7 ironbound thunderhulks
  3 vampire knights
  2 green draconians (Depths:4)
  15 stone giants
  5 deep elf annihilators
  5 deep elf demonologists
  2 eleionomae
  7 deep elf death magi
  5 bunyips
  A purple draconian (Zot:5)
  4 spark wasps
  4 red draconians
  4 white draconians
  A yellow draconian (Zot:5)
  3 war gargoyles
  11 dire elephants
  4 fire dragons
  A crystal guardian (Vaults:1)
  10 ettins
  2 shambling mangroves (Swamp:4)
  An ettin (shapeshifter) (Depths:3)
  3 deep elf high priests
  6 entropy weavers
  14 yaktaur captains
  30 vault guards
  17 alligators
  A spriggan air mage (Depths:3)
  11 great orbs of eyes
  7 hydras
  A fenstrider witch zombie (Swamp:3)
  Fannar (Orc:1)
  5 peacekeepers
  A sphinx zombie (D:15)
  Erolcha (D:9)
  3 ice dragons
  2 jorogumos
  6 rakshasas
  2 ogre magi (Vaults:5)
  2 radroaches
  A catoblepas (D:13)
  11 ironbound frosthearts
  10 dancing weapons
  11 centaur warriors
  4 death yaks (Lair:5)
  10 boulder beetles
  5 deep troll earth magi
  4 orc high priests (Orc:2)
  2 hell hogs (Abyss:3)
  3 deep troll shamans
  6 two-headed ogres
  2 tengu warriors
  10 demonic crawlers
  A thrashing horror (Abyss:1)
  14 spriggans
  Urug (D:12)
  5 spriggan berserkers
  3 vampire magi
  10 occultists
  4 deep elf knights
  A soul eater (Depths:1)
  3 hell knights
  A wretched star (Abyss:3)
  Nergalle (Orc:1)
  11 skeletal warriors
  A spectral death yak (Lair:5)
  3 sixfirhies
  A spectral anaconda (Lair:5)
  7 iron trolls
  A flayed ghost (Depths:1)
  7 goliath frogs
  A spatial maelstrom (Abyss:1)
  3 sun moths
  2 glowing orange brains
  14 deep elf archers
  5 pharaoh ants
  A deep troll (shapeshifter) (Vaults:4)
  46 deep trolls
  7 orb spiders
  9 spriggan druids
  6 arcanists
  A mana viper (Abyss:1)
  A spectral hydra (Swamp:4)
  2 obsidian statues
  4 swamp dragons
  13 ironbound convokers
  3 bog bodies
  5 harpies (Vaults:1)
  23 deep elf pyromancers
  3 phantasmal warriors
  5 steelbarb worms
  12 necromancers
  A steelbarb worm (shapeshifter) (Depths:3)
  4 lindwurms
  15 starcursed masses
  16 orc knights
  23 deep elf zephyrmancers
  22 wolf spiders
  Pikel (D:6)
  4 thermic dynamos (Elf:3)
  3 oklob plants (Swamp:4)
  A tengu skeleton (Vaults:1)
  2 manticores
  9 orc sorcerers
  25 ugly things
  A shining eye (Slime:5)
  4 will-o-the-wisps
  A worldbinder (WizLab)
  A cyclops (shapeshifter) (Vaults:5)
  16 moths of wrath
  7 meliai
  A dire elephant zombie (Lair:5)
  An elephant (shapeshifter) (Vaults:5)
  16 elephants
  8 cyclopes
  3 kobold blastminers
  11 vault sentinels
  A guardian serpent (Swamp:4)
  3 black mambas
  A stone giant skeleton (Vaults:1)
  3 smoke demons
  5 torpor snails
  2 orange demons
  A rust devil (D:1)
  2 eyes of devastation
  9 large abominations
  3 centaur skeletons
  14 cane toads
  A hellion (Abyss:1)
  2 gargoyles
  A kobold demonologist (D:9)
  4 rime drakes
  5 freezing wraiths
  2 efreet (D:15)
  3 komodo dragons
  36 yaktaurs
  Psyche (D:10)
  A tormentor (Depths:4)
  2 anaconda simulacra (IceCv)
  5 tengu conjurers
  A queen bee (D:13)
  A hydra zombie (Swamp:4)
  13 ice devils (IceCv)
  A death drake zombie (Swamp:3)
  A hellwing (Abyss:1)
  30 jumping spiders
  25 tarantellas
  5 trolls
  A raiju (Abyss:1)
  8 tyrant leeches
  15 hornets
  6 dream sheep (Lair:4)
  3 spectral elephants (Lair:5)
  A spriggan zombie (Swamp:3)
  3 glass eyes
  69 slime creatures
  A deep troll skeleton (Vaults:1)
  A ynoxinul (Abyss:3)
  A spriggan (shapeshifter) (D:15)
  2 wraiths (D:12)
  3 dire elephant simulacra (IceCv)
  24 culicivoras
  Sigmund (D:2)
  4 air elementals
  A shadow (D:10)
  3 vampires
  2 small abominations
  5 neqoxecs
  10 water elementals
  33 yaks
  13 golden eyes
  3 basilisks
  2 fire elementals (Elf:2)
  A warg (Orc:1)
  53 redbacks
  5 wyverns
  2 steam dragons
  19 vampire mosquitoes
  3 death yak simulacra (IceCv)
  2 harpy simulacra (IceCv)
  16 swamp worms
  2 acid dragons
  2 hydra simulacra (Swamp:4)
  A spectral cane toad (Lair:5)
  19 water moccasins
  27 orc warriors
  5 swamp drakes
  3 black bears
  3 sky beasts
  2 ice beasts
  5 boggarts (Vaults:1)
  11 centaurs
  5 laughing skulls
  2 ogres
  6 wolves
  4 swamp dragon zombies (Swamp:4)
  2 weeping skulls (Abyss:3)
  3 kobold brigands
  An elf zombie (Ossuary)
  10 bullfrogs
  A scorpion (D:6)
  A brain worm (Abyss:3)
  2 gnoll sergeants (D:5)
  An earth elemental (Elf:2)
  A two-headed ogre simulacrum (IceCv)
  4 cane toad simulacra
  8 wights (D:6)
  6 elephant simulacra
  14 killer bees (D:13)
  5 electric eels
  6 howler monkeys
  2 lava snakes (D:11)
  2 centaur zombies (Ossuary)
  2 jellies
  26 orc priests
  4 bombardier beetles
  5 hounds
  A gnoll bouda (D:8)
  A sleepcap (D:6)
  3 iguanas (D:5)
  16 orc wizards
  8 hell rats (Lair:2)
  3 polar bear simulacra (IceCv)
  2 wolf simulacra (IceCv)
  6 hound zombies (Ossuary)
  2 mummies (Ossuary)
  A swamp drake zombie (Swamp:4)
  13 gnolls
  12 adders
  12 river rats (Lair:2)
  A swamp drake skeleton (Swamp:4)
  A shadow imp (D:6)
  18 white imps
  8 ufetubi
  2 dart slugs
  4 ribbon worms
  55 orcs
  5 ball pythons
  8 endoplasms
  14 giant cockroaches
  2 gnoll zombies (Ossuary)
  5 hobgoblins
  2 jackals (D:5)
  9 quokkas
  3 training dummies (Elf:2)
  6 bats
  7 goblins
  21 kobolds
  3 orc zombies (Ossuary)
  11 rats
  A butterfly (D:4)
1973 creatures vanquished.

Vanquished Creatures (collateral kills)
  A golden dragon (Depths:2)
  An acid blob (Slime:5)
  An azure jelly (Slime:5)
  A rockslime (Slime:5)
  An orc warlord (Vaults:1)
  A reaper (Gauntlet)
  A quicksilver ooze (Slime:5)
  An ironbound thunderhulk (Vaults:4)
  2 stone giants
  A deep elf demonologist (Elf:3)
  A hydra skeleton (Swamp:4)
  A deep elf death mage (Elf:3)
  A vampire knight (Depths:1)
  A deep elf annihilator (Elf:3)
  A minotaur (Gauntlet)
  A vault guard (Vaults:2)
  A centaur warrior (D:14)
  An ironbound frostheart (Vaults:1)
  A deep troll earth mage (Depths:2)
  2 two-headed ogres
  A demonic crawler (Lair:4)
  Amaemon (D:10)
  An orc high priest (Orc:2)
  An arcanist (Vaults:1)
  2 deep trolls (Depths:2)
  A necromancer (Depths:1)
  A deep elf zephyrmancer (Elf:3)
  An orc knight (Orc:2)
  A shining eye (Slime:5)
  Maggie (D:6)
  An orange demon (D:10)
  A kobold demonologist (D:8)
  A hydra zombie (Swamp:4)
  A hellwing (Gauntlet)
  3 hornets
  Grinder (D:6)
  A tarantella (Spider:4)
  A jumping spider (Spider:1)
  A slime creature (Vaults:2)
  2 spriggans
  2 redbacks (Spider:1)
  A swamp worm (Swamp:4)
  An acid dragon (D:8)
  2 hydra simulacra (Swamp:4)
  5 orc warriors (Orc:2)
  3 swamp drakes (Swamp:4)
  A centaur (D:10)
  9 kobold brigands
  2 cane toad simulacra (IceCv)
  A scorpion (D:6)
  A two-headed ogre simulacrum (IceCv)
  An elephant simulacrum (IceCv)
  2 hounds (D:6)
  6 orc priests (Orc:2)
  A gnoll bouda (D:6)
  An iguana (D:6)
  2 polar bear simulacra (IceCv)
  2 swamp drake zombies (Swamp:4)
  A shadow imp (Gauntlet)
  2 white imps
  2 ufetubi (D:6)
  8 orcs
  11 kobolds
  A spectral weapon (Elf:3)
114 creatures vanquished.

Vanquished Creatures (others)
  A dread lich (Vaults:5)
  A demonspawn corrupter (WizLab)
  A merfolk aquamancer (WizLab)
  A deep elf zephyrmancer (Elf:2)
  A raiju (Abyss:3)
  2 bloated husks
  A harpy simulacrum (IceCv)
  A cerulean imp (D:7)
  9 foxfires
  4 starspawn tentacles (Abyss:3)
22 creatures vanquished.

Grand Total: 2109 creatures vanquished

Notes
Turn   | Place    | Note
-------+----------+-------------------------------------------
     0 | D:1      | Sergey the Kobold Air Elementalist began the quest for the
                  | Orb.
     0 | D:1      | Reached XP level 1. HP: 10/10 MP: 3/3
   345 | D:1      | Reached skill level 3 in Stealth
   935 | D:1      | Reached XP level 2. HP: 16/16 MP: 3/5
   937 | D:1      | Reached skill level 1 in Fighting
  3248 | D:2      | Learned a level 2 spell: Static Discharge
  3253 | D:2      | Found a radiant altar of Vehumet.
  3472 | D:2      | Found a runed translucent door.
  3475 | D:2      | Noticed Crazy Yiuf
  3545 | D:2      | Reached XP level 3. HP: 20/20 MP: 3/6
  3689 | D:2      | Noticed Sigmund
  3705 | D:2      | Found Orira's Weapon Shop.
  3938 | D:2      | Reached skill level 4 in Stealth
  4064 | D:2      | Found Sorr's Jewellery Emporium.
  4642 | D:3      | Found a shadowy altar of Dithmenos.
  4876 | D:3      | Found a faded altar of an unknown god.
  5090 | D:3      | Reached XP level 4. HP: 25/25 MP: 3/7
  5145 | D:3      | Learned a level 3 spell: Swiftness
  5654 | D:3      | Noticed a kobold brigand
  6592 | D:4      | Reached XP level 5. HP: 30/30 MP: 4/8
  6788 | D:4      | Reached skill level 1 in Short Blades
  7292 | D:4      | Found a sparkling altar of Nemelex Xobeh.
  7351 | D:4      | Became a worshipper of Nemelex Xobeh the Trickster
  7456 | D:4      | Found a staircase to the Ecumenical Temple.
  7530 | D:4      | Noticed an ogre
  7621 | D:5      | Entered Level 5 of the Dungeon
  7822 | D:5      | Reached XP level 6. HP: 37/37 MP: 9/9
  7890 | D:5      | Noticed an ice beast
  9125 | D:5      | Reached skill level 5 in Stealth
  9125 | D:5      | Reached XP level 7. HP: 43/43 MP: 10/10
  9270 | D:6      | Reached skill level 6 in Stealth
  9343 | D:6      | Noticed Maggie
  9552 | D:6      | Reached skill level 5 in Dodging
  9651 | D:6      | Noticed a two-headed ogre
  9668 | D:6      | Noticed Pikel
  9696 | D:7      | Noticed a steam dragon
  9716 | D:7      | Killed a steam dragon
  9717 | D:7      | Reached skill level 7 in Stealth
  9717 | D:7      | Reached XP level 8. HP: 17/48 MP: 6/11
  9830 | D:7      | Found a shimmering blue altar of Sif Muna.
  9908 | D:7      | Reached * piety under Nemelex Xobeh
 10007 | D:7      | Found a white marble altar of Elyvilon.
 10222 | D:7      | Found a sand-covered staircase.
 10228 | Ossuary  | Entered an ossuary
 10344 | Ossuary  | Reached skill level 8 in Stealth
 11111 | Ossuary  | Reached skill level 9 in Stealth
 12341 | Ossuary  | Reached skill level 5 in Short Blades
 12511 | D:7      | Received a gift from Nemelex Xobeh
 13565 | D:8      | Reached skill level 1 in Invocations
 13825 | D:8      | Noticed a two-headed ogre
 13893 | D:8      | Killed a two-headed ogre
 13894 | D:8      | Reached skill level 5 in Fighting
 13894 | D:8      | Reached skill level 10 in Stealth
 13894 | D:8      | Reached XP level 9. HP: 54/54 MP: 11/15
 13958 | D:8      | Noticed a kobold demonologist
 13963 | D:8      | Killed a kobold demonologist
 13973 | D:8      | Reached XP level 10. HP: 58/60 MP: 16/16
 14063 | D:8      | Found a snail-covered altar of Cheibriados.
 14067 | D:8      | Found a stormy altar of Qazlal.
 14069 | D:8      | Found a faded altar of an unknown god.
 14070 | D:8      | Found an opulent altar of Gozag.
 14075 | D:8      | Found a burning altar of Makhleb.
 14502 | D:8      | Found a radiant altar of Vehumet.
 14616 | D:8      | Noticed a two-headed ogre
 14888 | D:9      | Reached skill level 1 in Throwing
 15103 | D:9      | Noticed a kobold demonologist
 15637 | D:9      | Reached ** piety under Nemelex Xobeh
 15797 | D:9      | Identified the +8 war axe "Cyonot" {vamp, rF- rCorr Str+5}
 15806 | D:9      | Killed a kobold demonologist
 15859 | D:9      | Noticed Erolcha
 16147 | D:9      | Reached skill level 11 in Stealth
 16600 | D:2      | Bought a +6 ring of dexterity for 396 gold pieces
 16674 | D:2      | Killed Sigmund
 16857 | D:3      | Found a shadowy altar of Dithmenos.
 17166 | D:3      | Found a faded altar of an unknown god.
 17567 | D:4      | Received a gift from Nemelex Xobeh
 18216 | D:6      | Noticed Grinder
 18238 | D:6      | Killed Grinder
 18276 | D:6      | Killed Maggie
 18356 | D:6      | Reached XP level 11. HP: 61/67 MP: 15/17
 18420 | D:6      | Killed a two-headed ogre
 18421 | D:6      | Reached skill level 12 in Stealth
 18597 | D:6      | Killed Pikel
 19053 | D:5      | Reached skill level 10 in Dodging
 19402 | D:10     | Entered Level 10 of the Dungeon
 19428 | D:10     | Found an iron altar of Okawaru.
 19585 | D:10     | Noticed Amaemon
 19597 | D:10     | Killed Amaemon
 19599 | D:10     | Reached skill level 10 in Fighting
 19853 | D:2      | Bought a +4 ring of protection for 396 gold pieces
 20055 | D:10     | Found a staircase to the Orcish Mines.
 20276 | D:10     | Found Aniudofy's Jewellery Boutique.
 20351 | D:9      | Reached skill level 5 in Invocations
 20380 | D:10     | Noticed Psyche
 20386 | D:10     | Killed Psyche
 20472 | D:10     | Found a transporter.
 20569 | D:10     | Reached XP level 12. HP: 77/77 MP: 18/18
 20697 | D:11     | Reached *** piety under Nemelex Xobeh
 21004 | D:11     | Found a staircase to the Lair.
 21241 | D:11     | Noticed a two-headed ogre
 21372 | D:11     | Received a gift from Nemelex Xobeh
 21382 | D:11     | Reached skill level 1 in Armour
 21609 | D:11     | Found the +8 Vampire's Tooth {megavamp}
 21706 | D:11     | Killed a two-headed ogre
 21774 | D:11     | Found a runed translucent door.
 21808 | D:11     | Found Hylaidd's Magic Scroll Shop.
 21841 | D:11     | Bought a scroll of vulnerability for 44 gold pieces
 21930 | D:11     | Received a gift from Nemelex Xobeh
 22289 | Lair:1   | Entered Level 1 of the Lair of Beasts
 22305 | Lair:1   | Reached skill level 10 in Short Blades
 22982 | Lair:1   | Reached **** piety under Nemelex Xobeh
 23680 | Lair:2   | Found a gate leading to a gauntlet.
 23686 | Gauntlet | Entered a Gauntlet
 23686 | Gauntlet | Received a gift from Nemelex Xobeh
 23686 | Gauntlet | Found a transporter.
 23720 | Gauntlet | Found a transporter.
 23728 | Gauntlet | Found a transporter.
 23734 | Gauntlet | Found a transporter.
 23756 | Gauntlet | Found a transporter.
 23761 | Gauntlet | Noticed a sun demon
 23766 | Gauntlet | Noticed a reaper
 23768 | Gauntlet | Found a transporter.
 23780 | Gauntlet | Found a transporter.
 23784 | Gauntlet | Noticed a reaper
 23808 | Gauntlet | Found a transporter.
 23816 | Gauntlet | Noticed a hell hog
 23832 | Gauntlet | Found a transporter.
 23844 | Gauntlet | Found a transporter.
 23860 | Gauntlet | Noticed a blizzard demon
 23867 | Gauntlet | Found a transporter.
 23879 | Gauntlet | Found a transporter.
 23888 | Gauntlet | Found a transporter.
 23911 | Gauntlet | Found a transporter.
 25088 | Gauntlet | Found a transporter.
 25095 | Gauntlet | Found a transporter.
 25107 | Gauntlet | Found a transporter.
 25121 | Gauntlet | Identified the +1 robe of the Playwright {rN+ Will- Dex+7
                  | Stlth+}
 25150 | Gauntlet | Identified the amulet "Volilom" {Faith rC+ Will- Str+3
                  | Int+2}
 25172 | Gauntlet | Killed a reaper
 25173 | Gauntlet | Reached XP level 13. HP: 82/82 MP: 19/19
 25194 | Gauntlet | Noticed a minotaur
 25203 | Gauntlet | Killed a minotaur
 25210 | Gauntlet | Identified the +4 pair of gloves "Udovukk" {Will- Regen+
                  | Int+3 Stlth+}
 25210 | Gauntlet | Identified the staff of Insufficient Pleasure {rElec rF+
                  | Will- MP+9 Dex+5 Air}
 25502 | Lair:2   | Received a gift from Nemelex Xobeh
 25507 | Lair:2   | Found a staircase to the Swamp.
 25774 | Lair:2   | Identified the +0 ring mail of Tisotz {rC+ Slay+2}
 26288 | Lair:3   | Found a runed translucent door.
 26307 | Lair:3   | Received a gift from Nemelex Xobeh
 26466 | Lair:3   | Reached ***** piety under Nemelex Xobeh
 26708 | Lair:3   | Received a gift from Nemelex Xobeh
 26795 | Lair:3   | Found a hole to the Spider Nest.
 27270 | Lair:4   | Noticed a four-headed hydra
 27280 | Lair:4   | Killed a four-headed hydra
 27370 | Lair:4   | Reached skill level 5 in Evocations
 27551 | Lair:4   | Received a gift from Nemelex Xobeh
 27573 | Lair:4   | Reached skill level 13 in Stealth
 27908 | Lair:5   | Entered Level 5 of the Lair of Beasts
 27921 | Lair:5   | Found a frozen archway.
 27959 | IceCv    | Entered an ice cave
 27959 | IceCv    | Received a gift from Nemelex Xobeh
 28107 | IceCv    | Reached XP level 14. HP: 88/88 MP: 20/20
 29668 | IceCv    | Found an ancient bone altar of Kikubaaqudgha.
 30327 | IceCv    | Got the Exposition on the Fatal Serac
 30560 | Lair:5   | Received a gift from Nemelex Xobeh
 30772 | Lair:5   | Found a viscous altar of Jiyva.
 30773 | Lair:5   | Found a staircase to the Slime Pits.
 30859 | Lair:5   | Reached skill level 14 in Stealth
 31757 | D:11     | Identified the +2 hat of Hedging {rPois Will+ Stlth+}
 31783 | D:11     | Found a runed translucent gate.
 31783 | D:11     | Found a runed translucent gate.
 31783 | D:11     | Found a runed translucent gate.
 31784 | D:11     | Found a runed translucent gate.
 31784 | D:11     | Found a runed translucent gate.
 31784 | D:11     | Found a runed translucent gate.
 31852 | D:12     | Got the Book of Kinetic Last Rites
 32246 | D:12     | Noticed Urug
 32268 | D:12     | Killed Urug
 32551 | D:12     | Noticed Sonja
 32552 | D:12     | Sonja changed into Sonja the dart slug
 32552 | D:12     | Noticed Sonja
 32552 | D:12     | Sonja the dart slug changed into Sonja the jelly
 32552 | D:12     | Noticed Sonja
 32552 | D:12     | Killed Sonja the jelly
 32645 | D:12     | Received a gift from Nemelex Xobeh
 32747 | D:12     | Reached skill level 15 in Stealth
 32784 | D:12     | Got Usemiaff's Verses on United Misfortune
 32809 | D:12     | Reached XP level 15. HP: 96/96 MP: 21/21
 32872 | D:12     | Found Jiniuczu's Weapon Boutique.
 33107 | D:12     | Reached skill level 15 in Dodging
 33107 | D:12     | Reached skill level 5 in Armour
 34184 | D:14     | Received a gift from Nemelex Xobeh
 34436 | D:9      | Killed Erolcha
 34721 | D:14     | Noticed an ironbound preserver
 34746 | D:14     | Killed an ironbound preserver
 34747 | D:14     | Reached skill level 16 in Stealth
 34951 | D:14     | Found an ancient bone altar of Kikubaaqudgha.
 35286 | D:14     | Found a gate to the Vaults.
 35290 | D:14     | Identified the orb of Tiexy Jaid {*channel, rC+ Slay+2}
 35462 | D:15     | Entered Level 15 of the Dungeon
 35779 | D:15     | Found Etitza's Jewellery Shoppe.
 35805 | D:15     | Identified a scroll of acquirement
 35806 | D:15     | Acquired 414 gold pieces
 35823 | D:15     | Bought the amulet of the Philosopher {Reflect Will++ Int-3
                  | Dex+5 SH+5} for 938 gold pieces
 36051 | D:15     | Reached skill level 17 in Stealth
 36208 | D:15     | Received a gift from Nemelex Xobeh
 36377 | D:15     | Found an opulent altar of Gozag.
 36498 | D:15     | Reached skill level 18 in Stealth
 36526 | D:15     | Found a staircase to the Depths.
 36703 | Orc:1    | Entered Level 1 of the Orcish Mines
 36771 | Orc:1    | Noticed Nergalle
 36775 | Orc:1    | Killed Nergalle
 36857 | Orc:1    | Reached XP level 16. HP: 103/103 MP: 22/22
 36985 | Orc:2    | Entered Level 2 of the Orcish Mines
 37088 | Orc:2    | Found a staircase to the Elven Halls.
 37593 | Orc:2    | Found Gucla Dile's Jewellery Shoppe.
 37594 | Orc:2    | Found Mepnusch's Armour Emporium.
 37595 | Orc:2    | Found Kerer's Book Shoppe.
 37595 | Orc:2    | Found Zipom's Armour Shoppe.
 37687 | Orc:2    | Received a gift from Nemelex Xobeh
 37891 | Orc:2    | Found a runed translucent gate.
 37892 | Orc:2    | Found a runed translucent gate.
 37893 | Orc:2    | Found a runed translucent gate.
 38042 | Orc:1    | Noticed Gastronok
 38044 | Orc:1    | Killed Gastronok
 38053 | Orc:1    | Noticed Fannar
 38064 | Orc:1    | Killed Fannar
 39177 | Lair:5   | Got Sif Muna's Atlas of Omens and the Discharge
 39383 | Spider:1 | Entered Level 1 of the Spider Nest
 39397 | Spider:1 | Reached skill level 15 in Fighting
 39397 | Spider:1 | Reached skill level 1 in Shields
 39414 | Spider:1 | Reached skill level 1 in Hexes
 39430 | Spider:1 | Received a gift from Nemelex Xobeh
 39789 | Spider:1 | Reached XP level 17. HP: 113/113 MP: 23/23
 39908 | Spider:1 | Reached skill level 1 in Ice Magic
 40562 | Spider:2 | Learned a level 2 spell: Ensorcelled Hibernation
 40570 | Spider:2 | Learned a level 7 spell: Enfeeble
 40682 | Spider:2 | Received a gift from Nemelex Xobeh
 40686 | Spider:2 | Noticed Arachne
 40690 | Spider:2 | Killed Arachne
 40941 | Spider:3 | Reached skill level 5 in Hexes
 41003 | Spider:3 | Reached ****** piety under Nemelex Xobeh
 41289 | Spider:3 | Received a gift from Nemelex Xobeh
 41750 | Spider:3 | Received a gift from Nemelex Xobeh
 42259 | Spider:4 | Entered Level 4 of the Spider Nest
 42437 | Spider:4 | Noticed Nikola
 42525 | Spider:4 | Killed Nikola
 42526 | Spider:4 | Reached XP level 18. HP: 119/119 MP: 24/24
 42529 | Spider:4 | Received a gift from Nemelex Xobeh
 42588 | Spider:4 | Reached skill level 10 in Hexes
 44482 | Spider:4 | Identified the scarf of Baldness {harm, rCorr Dex-2 Slay+2}
 44542 | Spider:4 | Got a gossamer rune of Zot
 44748 | Swamp:1  | Entered Level 1 of the Swamp
 44767 | Swamp:1  | You fall into a shaft and drop 1 floor!
 44818 | Swamp:2  | Noticed Jorgrun
 44828 | Swamp:2  | Killed Jorgrun
 44851 | Swamp:2  | Received a gift from Nemelex Xobeh
 45498 | Swamp:1  | Received a gift from Nemelex Xobeh
 45715 | Swamp:1  | Reached XP level 19. HP: 124/124 MP: 25/25
 46290 | Swamp:2  | Received a gift from Nemelex Xobeh
 46764 | Swamp:3  | Identified the +2 robe of Teaz {rElec rN+ Str+4 Stlth-}
 46779 | Swamp:3  | Noticed Louise
 46787 | Swamp:3  | Killed Louise
 46807 | Swamp:3  | Received a gift from Nemelex Xobeh
 46817 | Swamp:3  | Identified the serpent talisman of the Midnight Sun {Will+}
 46817 | Swamp:3  | Noticed Aizul
 46843 | Swamp:3  | Killed Aizul
 47072 | Swamp:3  | Identified the +1 scale mail of Meol {+Blink Regen+ Str+3
                  | Int-3}
 47614 | Swamp:4  | Entered Level 4 of the Swamp
 47618 | Swamp:4  | Received a gift from Nemelex Xobeh
 47684 | Swamp:4  | Reached skill level 10 in Invocations
 48117 | Swamp:4  | Found a blossoming altar of Fedhas.
 48149 | Swamp:4  | Found a basalt altar of Yredelemnul.
 48283 | Swamp:4  | Noticed Bai Suzhen
 48294 | Swamp:4  | Killed Bai Suzhen
 48603 | Swamp:4  | Got a decaying rune of Zot
 48899 | Elf:1    | Entered Level 1 of the Elven Halls
 48941 | Elf:1    | Reached skill level 1 in Long Blades
 49172 | Elf:1    | Reached XP level 20. HP: 134/134 MP: 28/28
 49209 | Elf:1    | Received a gift from Nemelex Xobeh
 49719 | Elf:1    | Received a gift from Nemelex Xobeh
 50141 | Elf:2    | Identified the +1 spear of Scorn {drain, Will+}
 50281 | Elf:2    | Received a gift from Nemelex Xobeh
 50316 | Elf:2    | Found a runed translucent gate.
 50317 | Elf:2    | Found a runed translucent gate.
 50317 | Elf:2    | Found a runed translucent gate.
 50517 | Elf:2    | Found Kafehya's Firing Range.
 50523 | Elf:2    | Bought 2 throwing nets for 96 gold pieces
 50793 | Elf:3    | Entered Level 3 of the Elven Halls
 50879 | Elf:3    | Received a gift from Nemelex Xobeh
 50973 | Elf:3    | Acquired a manual of Invocations
 51106 | Elf:3    | Received a gift from Nemelex Xobeh
 51239 | Elf:3    | Identified the +7 glaive "Ufakkus" {venom, rC+ rN+}
 51239 | Elf:3    | Identified the ring of Vih Gighaqig {rC++ Str+4 Int-3
                  | Dex+6}
 51497 | Elf:3    | Identified the +1 battleaxe of the Unliving {holy, rN+
                  | Int+2 SInv}
 51499 | Elf:3    | Identified the +5 spear of Durable Blind Justice {heavy,
                  | rPois Str+3 SInv}
 51508 | Elf:3    | Identified the +2 scimitar of Geochyk {spect, rC++ Will-
                  | Str-5 Dex+3}
 51676 | Elf:3    | Reached skill level 5 in Long Blades
 51766 | Elf:3    | Identified the +4 scale mail of Ceihoana {Harm rElec rC-
                  | Int-5}
 51812 | Elf:3    | Found the +6 lightning scales {swift, rElec}
 51817 | Elf:3    | Got the Teachings on Omens and Stones
 52101 | Vaults:1 | Entered Level 1 of the Vaults
 52200 | Vaults:1 | Reached XP level 21. HP: 140/140 MP: 31/31
 52339 | Vaults:1 | Learned a level 5 spell: Silence
 52751 | Vaults:1 | Received a gift from Nemelex Xobeh
 53299 | Vaults:2 | Reached skill level 5 in Shields
 53341 | Vaults:2 | Received a gift from Nemelex Xobeh
 53453 | Vaults:2 | Found a magical portal.
 53461 | WizLab   | Entered Alistair's Party Mansion
 53610 | WizLab   | Reached skill level 5 in Air Magic
 53610 | WizLab   | Reached skill level 15 in Invocations
 53836 | WizLab   | Got the Incunable of Alteration
 54063 | WizLab   | Acquired 1231 gold pieces
 54261 | Vaults:2 | Received a gift from Nemelex Xobeh
 54951 | Vaults:2 | Reached skill level 10 in Evocations
 54951 | Vaults:2 | Reached XP level 22. HP: 141/147 MP: 33/33
 55918 | Vaults:1 | Received a gift from Nemelex Xobeh
 56375 | Vaults:3 | Noticed Zenata
 56380 | Vaults:3 | Zenata changed into Zenata the boulder beetle
 56380 | Vaults:3 | Noticed Zenata
 56388 | Vaults:3 | Killed Zenata the boulder beetle
 56642 | Vaults:3 | Received a gift from Nemelex Xobeh
 56644 | Vaults:3 | Found Bositedu's Antique Armour Boutique.
 56652 | Vaults:3 | Found Jiecraj's Jewellery Shoppe.
 56665 | Vaults:3 | Bought a ring of protection from fire for 400 gold pieces
 57156 | Vaults:3 | Identified the +1 scale mail of Action {Will++}
 57161 | Vaults:3 | Got the Quarto of Familiar Momentum
 57198 | Vaults:3 | Received a gift from Nemelex Xobeh
 57609 | Vaults:3 | Noticed a bone dragon
 57613 | Vaults:3 | Killed a bone dragon
 57615 | Vaults:3 | Found a staircase to the Crypt.
 57705 | Vaults:4 | Found a portal to a secret trove of treasure.
 57713 | Vaults:4 | You paid a toll of 14 potions of curing to enter a treasure
                  | trove
 57714 | Trove    | Entered a treasure trove
 57716 | Trove    | Found the +3 salamander hide armour {Flames, rFlCloud rF++
                  | rC--}
 57720 | Trove    | Found the +3 warlock's mirror {omnireflect}
 57722 | Trove    | Identified the +0 hat "Adedae" {Str+5 Dex-2}
 57723 | Trove    | Identified the +1 pair of gloves of Bavogeh {rElec rCorr}
 57729 | Trove    | Identified the +0 kite shield of a wizard's laboratory
                  | {*Corrode rPois Int+6 Dex-4}
 57730 | Trove    | Identified the +1 pair of gloves of the Mind {*Corrode
                  | Str+7}
 57734 | Trove    | Identified the +1 pair of gloves of Heresy {rPois rCorr
                  | Int+4 Dex+2}
 57735 | Trove    | Identified the +1 pair of boots of the Sun {rPois SInv}
 58030 | Vaults:4 | Received a gift from Nemelex Xobeh
 58234 | Vaults:4 | Found Bazient's Weapon Emporium.
 58287 | Vaults:4 | Reached XP level 23. HP: 152/152 MP: 35/35
 58291 | Vaults:4 | Noticed Sojobo
 58305 | Vaults:4 | Paralysed by an air elemental for 1 turns
 58315 | Vaults:4 | Killed Sojobo
 58952 | Vaults:5 | Entered Level 5 of the Vaults
 59187 | Vaults:4 | Reached skill level 10 in Air Magic
 59244 | Vaults:4 | Reached skill level 10 in Shields
 59831 | Vaults:5 | Received a gift from Nemelex Xobeh
 59993 | Vaults:5 | Identified the +8 hand axe of Plunder {spect, Str+6 Int+3}
 59993 | Vaults:5 | Identified the +8 hand axe of Plunder {spect, Str+6 Int+3}
 60000 | Vaults:5 | Noticed a dread lich
 60024 | Vaults:5 | Killed a dread lich
 60187 | Vaults:5 | Acquired 715 gold pieces
 60292 | Vaults:5 | Identified the ring "Myug" {rElec rF+++ rCorr MP+9 Int-4}
 60375 | Vaults:5 | Reached XP level 24. HP: 157/157 MP: 31/35
 60422 | Vaults:5 | Identified the +0 battleaxe "Hell-Harrower" {flame, rF++}
 60434 | Vaults:5 | Identified the +1 robe of Havounto {Archmagi}
 60530 | Vaults:5 | Identified the ring of Wyifaytz {Fly rC+ rN++ Str-3}
 60614 | Vaults:5 | Reached skill level 10 in Long Blades
 60896 | Vaults:5 | Noticed a dread lich
 60929 | Vaults:5 | Killed a dread lich
 60947 | Vaults:5 | Got a silver rune of Zot
 61079 | Vaults:5 | Noticed a golden dragon
 61188 | Vaults:5 | Killed a golden dragon
 65061 | Slime:1  | Entered Level 1 of the Pits of Slime
 65503 | Slime:4  | Received a gift from Nemelex Xobeh
 65651 | Slime:5  | Entered Level 5 of the Pits of Slime
 65921 | Slime:5  | Found a viscous altar of Jiyva.
 65921 | Slime:5  | Noticed the Royal Jelly
 65925 | Slime:5  | Killed the Royal Jelly
 66112 | Slime:5  | Got the Discourse on the Spooky Gang
 66116 | Slime:5  | Got a slimy rune of Zot
 66148 | Slime:5  | Acquired a manual of Fighting
 66197 | Slime:5  | Identified the amulet of Diubb {Spirit Harm rPois}
 66579 | Depths:1 | Entered Level 1 of the Depths
 66583 | Depths:1 | Found a corrupted altar of Lugonu.
 66611 | Depths:1 | Received a gift from Nemelex Xobeh
 66841 | D:11     | Bought a scroll of teleportation for 33 gold pieces
 66841 | D:11     | Bought a scroll of immolation for 44 gold pieces
 66841 | D:11     | Bought a scroll of revelation for 82 gold pieces
 66841 | D:11     | Bought a scroll of teleportation for 33 gold pieces
 66841 | D:11     | Bought a scroll of teleportation for 33 gold pieces
 66841 | D:11     | Bought a scroll of enchant armour for 82 gold pieces
 66841 | D:11     | Bought a scroll of revelation for 82 gold pieces
 66913 | D:10     | Bought the ring "Tusej" {Will+ Str+2 Int-5 Slay+3 Stlth+}
                  | for 534 gold pieces
 66933 | D:10     | Found a roughly hewn altar of Beogh.
 66972 | D:10     | Found a transporter.
 67231 | Depths:1 | Reached XP level 25. HP: 165/165 MP: 37/37
 67437 | Depths:1 | Found a gateway to Hell.
 68166 | Depths:2 | Found a one-way gate leading to the halls of Pandemonium.
 68304 | Depths:2 | Found a broken altar of Ashenzari.
 68351 | Depths:2 | Received a gift from Nemelex Xobeh
 68369 | Depths:2 | Found Risikuv's Book Shoppe.
 68374 | Depths:2 | Bought a manual of Armour for 1600 gold pieces
 69027 | Depths:2 | Received a gift from Nemelex Xobeh
 69594 | Depths:3 | Reached skill level 19 in Stealth
 69660 | Depths:3 | Noticed a juggernaut
 69661 | Depths:3 | Identified the +7 rapier of Enymeh {heavy, MP+9 Dex+2}
 69699 | Depths:3 | Killed a juggernaut
 69718 | Depths:3 | Identified the +6 scimitar of Desperation {elec, Str+3}
 69890 | Depths:3 | Reached skill level 20 in Stealth
 69900 | Depths:3 | Identified the ring of Xom's Passing Interest {rPois rF+
                  | rC+ Dex+6}
 69987 | Depths:3 | Found an ornate altar of the Wu Jian Council.
 69987 | Depths:3 | Found a white marble altar of Elyvilon.
 69989 | Depths:3 | Found a shimmering altar of Xom.
 69992 | Depths:3 | Found a burning altar of Makhleb.
 70021 | Depths:3 | Received a gift from Nemelex Xobeh
 70679 | Depths:3 | Reached XP level 26. HP: 174/182 MP: 37/37
 70691 | Depths:3 | Reached skill level 21 in Stealth
 70834 | Depths:3 | Found a one-way gate to the infinite horrors of the Abyss.
 70929 | Depths:3 | Voluntarily entered the Abyss.
 71029 | Abyss:1  | Received a gift from Nemelex Xobeh
 71211 | Abyss:3  | Found a corrupted altar of Lugonu.
 71373 | Abyss:3  | Gained mutation: You occasionally lose the ability to read
                  | scrolls when taking damage. [a neqoxec]
 71378 | Abyss:3  | Reached skill level 22 in Stealth
 71416 | Abyss:3  | Got an abyssal rune of Zot
 71452 | Abyss:3  | Received a gift from Nemelex Xobeh
 71655 | Depths:3 | Escaped the Abyss
 71703 | Depths:4 | Entered Level 4 of the Depths
 71801 | Depths:4 | Lost mutation: You occasionally lose the ability to read
                  | scrolls when taking damage. [potion of mutation]
 71801 | Depths:4 | Gained mutation: You have hidden genetic potential. [potion
                  | of mutation]
 71801 | Depths:4 | Gained mutation: Your health recovers twice as slowly from
                  | being drained. [potion of mutation]
 71801 | Depths:4 | Gained mutation: Your system is resistant to poisons.
                  | (rPois) [potion of mutation]
 71801 | Depths:4 | Gained mutation: Your mind is acute. (Int +4, Str/Dex -1)
                  | [potion of mutation]
 71853 | Depths:4 | Found a gate to the Realm of Zot.
 72006 | Zot:1    | Entered Level 1 of the Realm of Zot
 72014 | Zot:1    | Reached skill level 23 in Stealth
 72087 | Zot:1    | Received a gift from Nemelex Xobeh
 72088 | Zot:1    | Noticed Grunn
 72093 | Zot:1    | Killed Grunn
 72464 | Zot:4    | Reached skill level 24 in Stealth
 72520 | Zot:5    | Entered Level 5 of the Realm of Zot
 73370 | Zot:5    | Noticed an ancient lich
 73374 | Zot:5    | Killed an ancient lich
 73375 | Zot:5    | Reached skill level 25 in Stealth
 73524 | Zot:5    | Noticed a dread lich
 73524 | Zot:5    | Noticed a Killer Klown
 73541 | Zot:5    | Killed a dread lich
 73580 | Zot:5    | Noticed a Killer Klown
 73580 | Zot:5    | Noticed a Killer Klown
 73583 | Zot:5    | Killed a Killer Klown
 73584 | Zot:5    | Reached skill level 26 in Stealth
 73831 | Zot:5    | Killed a Killer Klown
 73882 | Zot:5    | Noticed an orb of fire
 73883 | Zot:5    | Killed a Killer Klown
 73886 | Zot:5    | Noticed a Killer Klown
 73890 | Zot:5    | Killed an orb of fire
 73891 | Zot:5    | Reached XP level 27. HP: 188/188 MP: 37/37
 74040 | Zot:5    | Noticed a Killer Klown
 74041 | Zot:5    | Killed a Killer Klown
 74045 | Zot:5    | Killed a Killer Klown
 74046 | Zot:5    | Reached skill level 27 in Stealth
 74184 | Zot:5    | Gained mutation: You are robust. (+10% HP) [hidden
                  | potential]
 74228 | Zot:5    | Noticed a Killer Klown
 74230 | Zot:5    | Noticed a Killer Klown
 74234 | Zot:5    | Noticed a dread lich
 74235 | Zot:5    | Killed a Killer Klown
 74237 | Zot:5    | Killed a Killer Klown
 74238 | Zot:5    | Noticed an orb of fire
 74239 | Zot:5    | Noticed a Killer Klown
 74241 | Zot:5    | Killed a dread lich
 74244 | Zot:5    | Killed an orb of fire
 74272 | Zot:5    | Killed a Killer Klown
 74663 | Zot:5    | Noticed an orb of fire
 74673 | Zot:5    | Killed an orb of fire
 74676 | Zot:5    | Noticed a dread lich
 74691 | Zot:5    | Killed a dread lich
 74695 | Zot:5    | Noticed an orb of fire
 74763 | Zot:5    | Killed an orb of fire
 74796 | Zot:5    | Identified the +2 ring mail of Nofairutt {rN++}
 74943 | Zot:5    | Got the Orb of Zot
 75090 | Depths:4 | Received a gift from Nemelex Xobeh
 75363 | D:7      | Noticed Belidghih the pandemonium lord
 75544 | D:$      | Escaped with the Orb!

Illustrated notes

Levels and vault maps discovered:
D:1:      ebering_trefoil_3fold, layout_basic, serial_glass, glass_columns_b,
          glass_columns_a, glass_columns_c, minmay_close_crescents
D:2:      minmay_roachtagon, layout_basic, basic_altar, serial_shops, shop,
          shop, uniq_crazy_yiuf_cottage, uniq_sigmund
D:3:      cheibrodos_thug_alley, layout_basic, mainiacjoe_overflow_chevrons,
          shapermc_ecumenical_altar_gd, item_on_display_a
D:4:      layout_rooms, nemelex_spade_bored_becter,
          minmay_temple_entry_butterflies
D:5:      layout_rooms, nzn_random_ring
D:6:      layout_cave_pools, st_stairs_13, uniq_grinder, uniq_maggie, uniq_pikel
D:7:      layout_basic, mainiacjoe_overflow_catwalk,
          mainiacjoe_overflow_cross_hatched, nicolae_ossuary_entry_monument
D:8:      layout_gridville, vehumet_statue, chequers_temple_overflow_minitemple,
          special_room [special_room_kobold]
D:9:      layout_basic, uniq_erolcha
D:10:     gammafunk_beogh_shrine, layout_small_grid, lemuel_round_altar,
          david_orc_2, serial_shops, nicolae_stop_n_shop_1, uniq_psyche,
          uniq_amaemon
D:11:     gammafunk_indiana_jones, layout_irregular_city, david_lair_generic,
          serial_shops, nicolae_shop_pleasant_corner_grove,
          minmay_guarded_unrand_vampires_tooth
D:12:     cheibrodos_barr_body, layout_gridville, serial_shops,
          nicolae_shop_bloodbath_and_beyond, uniq_sonja, uniq_urug
D:13:     layout_roguey, amcnicky_mini_corridor_feature, minivault_7
D:14:     layout_basic, hellmonk_vaults_order_and_chaos, serial_glass,
          glass_columns_a, glass_columns_a, kiku_gazebo_pond_becter
D:15:     grunt_enter_depths_magical_seal, layout_cave_pools, serial_shops,
          nicolae_shop_waterfront, serial_park, serial_park_tiny_1,
          serial_park_avenue1, chequers_serial_rivers_large_b, minivault_4,
          grunt_gozag_breadcrumbs
Lair:1:   layout_loops_ring, grunt_megastairs_2
Lair:2:   lemuel_ratsnest, layout_chaotic_city, swamp_mist,
          gauntlet_entry_generic, nicolae_quartered_pool_little,
          grunt_megastairs_5
Lair:3:   layout_loops_ring, spider_nest_entry_funnel_web,
          ebering_ghost_reflecting_pool, serial_bayou_pond_c
Lair:4:   layout_hall_layers, worms_lemuel
Lair:5:   due_jungle_book, layout_regular_city, slime_entry_1,
          portal_ice_cave_entry_imps, serial_bayou_shore_a
Swamp:1:  layout_basic_swamp, evilmike_swamp_ruin_house_5,
          nicolae_swamp_decorative_isthmus, nicolae_swamp_tree_isthmus,
          infiniplex_staircase_pool
Swamp:2:  layout_basic_swamp, nicolae_swamp_ascending_descending_big,
          water_boxes_lemuel, uniq_jorgrun
Swamp:3:  layout_basic_swamp, evilmike_swamp_ruin_house_3, grunt_hermit_hut,
          uniq_aizul, uniq_louise
Swamp:4:  byrel_swamp_growth_death_and_undeath, layout_basic_swamp,
          swamp_pool_5, nicolae_swamp_little_tower, uniq_bai_suzhen
Spider:1: layout_spider_delve, nicolae_spider_webbed_stairs
Spider:2: layout_spider_delve, uniq_arachne
Spider:3: layout_chambers
Spider:4: spider_rune_water, nicolae_spider_circle_web,
          nicolae_spider_eight_legs, uniq_nikola
Slime:1:  layout_caves, nicolae_slime_getting_an_eyeful
Slime:2:  layout_caves
Slime:3:  layout_caves
Slime:4:  cheibrodos_slime_lost_civilization_3, layout_caves
Slime:5:  slime_pit_nicolae_block_by_block
Orc:1:    layout_caves, uniq_fannar, uniq_nergalle, uniq_gastronok
Orc:2:    st_orc_pillars, layout_diamond_mine, gammafunk_ghost_fury_of_okawaru
Elf:1:    eino_elf_arrival_customs, layout_geoelf_diagonals,
          guppyfry_library_mini
Elf:2:    nicolae_elf_blades_crystal_corner, layout_loops_corners,
          nicolae_shop_firing_range
Elf:3:    grunt_elf_hall_diamonds, layout_geoelf_grid, minivault_25_ag
Vaults:1: v_alt_pattern_5, hangedman_vaults_cutoff,
          vaults_mumra_minichess_inversion, vaults_room_boxed, nooodl_orcs_dogs,
          lemuel_angel_altar, nicolae_vaults_apartment_2,
          vaults_room_grunt_arrival_ludios, nicolae_vaults_mini_display_case,
          layout_vaults_omnigrid
Vaults:2: mu_enter_wizlab_4, minmay_orc_keep, ontoclasm_vaults_ring_square,
          vaults_room_door_ring, nicolae_vaults_offset_grid_hallway_2,
          vaults_standard_mumra_lines, nicolae_vaults_big_angled_halls,
          v_misc_27, nicolae_vaults_storage_closets_1, ontoclasm_vaults_fault,
          nicolae_vaults_circle_grid_a, layout_vaults_omnibox
Vaults:3: nicolae_vaults_twisting_passages, v_alt_pattern_4, v_misc_5,
          vaults_room_grunt_arrival_checkpoint,
          nicolae_vaults_shipping_containers_6, nicolae_vaults_wine_cellar,
          minmay_crypt_entry_nasty_monster, vaults_room_large_hall,
          vaults_room_pool, ontoclasm_vaults_decontamination,
          nicolae_vaults_alarming, hangedman_vaults_slice,
          layout_vaults_omnicross, serial_shops, shop_fountains, shop,
          uniq_zenata
Vaults:4: nicolae_vaults_network_square, nicolae_vaults_angled_halls,
          hangedman_vaults_maws, ontoclasm_vaults_claustrophobia,
          nicolae_vaults_apartment_2, nicolae_vaults_taking_the_gang_shopping,
          v_misc_10, v_misc_19, nicolae_vaults_diagonal_hallway_8,
          ontoclasm_vaults_twist, vaults_room_semicircle, v_misc_30,
          layout_vaults_maze_bifur, enter_trove_1, uniq_sojobo
Vaults:5
Depths:1: layout_cave_pools, pf_coc_iceberg, special_room [special_room_morgue],
          minmay_crystal_water, tgw_lugonu_bribe
Depths:2: minmay_distorted_concentric_squares, layout_gridlike, pan_entry,
          serial_shops, shop, hell_entry, evilmike_ruin_ashenzari,
          infiniplex_staircase_zigzag_2
Depths:3: minmay_the_grid_octo_tiled_squarecenter_mashed
          [minmay_the_grid_octo_clover_2, minmay_the_grid_octo_thin_diamonds,
          minmay_the_grid_octo_77, minmay_the_grid_octo_shrine,
          minmay_the_grid_square_5x5_megaprize_open,
          minmay_the_grid_square_5x5_moneybag, minmay_the_grid_square_5x5_fat_x,
          minmay_the_grid_square_5x5_six_small, minmay_the_grid_square_5x5_meh],
          layout_basic, hell_entry, pan_entry, abyss_entry
Depths:4: grunt_x_marks_the_spot, layout_cave_shapes, enter_ziggurat_b,
          minmay_crystal_room, grunt_pan_entry_spiral, hell_entry,
          library_closet, serial_sigils_hangedman_gut
Zot:1:    layout_misc_corridors, regret_index_zotdec_decaying_basic,
          nicolae_transporter_circle, uniq_grunn
Zot:2:    layout_basic, serial_nicolae_subway, nicolae_sub_station_metal,
          nicolae_sub_station_stone, nicolae_sub_station_crystal,
          grunt_megastairs_1
Zot:3:    layout_twisted_circle
Zot:4:    layout_gridlike, hangedman_zot_decor_checkerboard, grunt_ministairs_2
Zot:5:    layout_twisted_circle

Skill      XL: |  1  2  3  4  5  6  7  8  9 10 11 12 13 14 15 16 17 18 19 20 21 22 23 24 25 26 27 |
---------------+----------------------------------------------------------------------------------+-----
Stealth        | 3 4 5 7 10 11 12 13 15 18 20 26 27 | 27.0
Fighting       | 1 2 3 4 5 6 7 10 12 15 17 18 19 23 24 | 24.8
Conjurations   | 2 |  2.0
Dodging        | 3 5 7 8 11 12 14 16 17 18 23 24 | 24.0
Short Blades   | 2 4 5 6 8 12 14 | 14.0
Evocations     | 3 5 6 7 10 | 10.0
Invocations    | 3 5 6 7 9 11 13 15 16 20 | 20.0
Spellcasting   | 4 |  4.0
Throwing       | 3 |  3.0
Armour         | 4 5 6 7 |  7.4
Shields        | 2 4 6 8 11 12 | 12.0
Hexes          | 3 9 10 11 12 | 12.0
Ice Magic      | 4 |  4.0
Long Blades    | 1 5 6 8 9 10 | 10.5
Air Magic      | 6 8 10 | 10.0
Shapeshifting  | |  0.4

Action                     |  1- 3 |  4- 6 |  7- 9 | 10-12 | 13-15 | 16-18 | 19-21 | 22-24 | 25-27 || total
---------------------------+-------+-------+-------+-------+-------+-------+-------+-------+-------++-------
  Melee: Dagger            |    19 |   101 |   268 |    21 |       |       |       |       |       ||   409
         Short sword       |       |       |     2 |   530 |       |       |       |       |       ||   532
         Quick blade       |       |       |       |   138 |  2255 |  2249 |  2657 |  3577 |  2987 || 13863
         Demon blade       |       |       |       |       |       |       |       |    21 |       ||    21
         Rapier            |       |       |       |       |       |       |       |       |   282 ||   282
  Throw: Boomerang         |       |     1 |       |       |     3 |       |       |       |       ||     4
         Dart              |       |       |       |     6 |    46 |    24 |    16 |       |       ||    92
         Throwing net      |       |       |       |       |       |       |     1 |       |     3 ||     4
   Cast: Shock             |    56 |    76 |    26 |    16 |       |       |       |     1 |     2 ||   177
         Static Discharge  |       |     4 |    11 |       |       |       |       |       |       ||    15
         Swiftness         |       |       |     1 |     1 |       |       |       |       |       ||     2
         Ensorcelled Hiber |       |       |       |       |       |     9 |    19 |     3 |     4 ||    35
         Silence           |       |       |       |       |       |       |       |    42 |    37 ||    79
 Invoke: Draw Destruction  |       |       |     3 |       |       |       |       |     3 |       ||     6
         Draw Summoning    |       |       |     1 |     7 |     3 |     9 |     6 |     7 |    13 ||    46
         Deal Four         |       |       |       |       |     3 |     2 |     2 |     1 |       ||     8
         Stack Five        |       |       |       |       |     1 |       |       |       |       ||     1
         Draw Escape       |       |       |       |       |       |       |     2 |       |     1 ||     3
         Draw Stack        |       |       |       |       |       |       |     1 |       |       ||     1
Ability: Begin Untransform |       |       |       |       |       |     1 |       |       |       ||     1
  Evoke: Wand              |       |     2 |     5 |    12 |    21 |     4 |     5 |       |     7 ||    56
         Box of beasts     |       |       |       |       |     2 |     3 |     2 |     2 |     1 ||    10
         Phial of floods   |       |       |       |       |       |       |       |     1 |       ||     1
         Condenser vane    |       |       |       |       |       |       |       |     1 |     3 ||     4
    Use: Scroll            |     6 |     4 |     9 |     9 |     8 |     4 |    12 |     5 |    11 ||    68
         Potion            |     1 |     2 |     4 |     1 |       |     2 |     1 |     5 |    14 ||    30
   Stab: Sleeping          |    12 |     7 |     6 |    37 |    79 |    98 |    94 |   134 |    86 ||   553
         Distracted        |       |       |     1 |     3 |     5 |    18 |    11 |     9 |    19 ||    66
         Petrifying        |       |       |       |       |       |     1 |       |       |       ||     1
         Petrified         |       |       |       |       |       |     1 |       |       |       ||     1
         Held in net/web   |       |       |       |       |       |       |     4 |       |     2 ||     6
         Confused          |       |       |       |       |       |       |     2 |       |       ||     2
         Invisible         |       |       |       |       |       |       |       |     3 |     8 ||    11
 Armour: Robe              |    13 |    57 |   121 |    22 |    42 |       |   330 |   275 |   327 ||  1187
         Troll leather arm |       |       |       |    54 |       |       |       |       |       ||    54
         Steam dragon scal |       |       |       |   112 |   141 |   268 |    18 |       |       ||   539
         Ring mail         |       |       |       |       |   114 |       |       |       |       ||   114
  Dodge: Dodged            |    21 |   101 |   189 |   524 |   887 |  1271 |  1645 |  1775 |  1419 ||  7832
  Block: Buckler           |       |       |       |       |       |       |       |   757 |   888 ||  1645
         Reflection        |       |       |       |       |       |       |       |    30 |     7 ||    37
   Form: Maw               |       |       |       |       |       |     1 |       |       |       ||     1

Table legend: (Time is in decaauts)
 A = Elapsed time spent in this place.
 B = Non-inter-level travel time spent in this place.
 C = Inter-level travel time spent in this place.
 D = Time resting spent in this place.
 E = Time spent auto-exploring this place.
 F = Levels seen in this place.
 G = Mean time per level.
                   A        B        C        D        E       F      G
               +--------+--------+--------+--------+--------+-----+--------+
         Total |  72042 |  65920 |   6122 |  10391 |  37476 |  60 | 1200.7 |
       Dungeon |  25858 |  22332 |   3526 |   3514 |  12076 |  15 | 1723.9 |
          Lair |   6303 |   5465 |    838 |    298 |   4195 |   5 | 1260.6 |
         Swamp |   3860 |   3586 |    274 |    231 |   2459 |   4 |  965.0 |
   Spider Nest |   4922 |   4727 |    195 |    268 |   3371 |   4 | 1230.5 |
    Slime Pits |   1202 |   1073 |    129 |    478 |     85 |   5 |  240.4 |
  Orcish Mines |   1717 |   1534 |    183 |     64 |   1137 |   2 |  858.5 |
   Elven Halls |   2873 |   2713 |    160 |     20 |   1986 |   3 |  957.7 |
        Vaults |  11000 |  10575 |    425 |    802 |   7736 |   5 | 2200.0 |
        Depths |   3905 |   3631 |    274 |    214 |   2273 |   4 |  976.2 |
           Zot |   2813 |   2699 |    114 |   1121 |    693 |   5 |  562.6 |
         Abyss |    665 |    665 |      0 |    119 |     64 |   3 |  221.7 |
         Trove |    111 |    111 |      0 |      0 |      6 |   1 |  111.0 |
       Ossuary |   2149 |   2149 |      0 |   1443 |      0 |   1 | 2149.0 |
      Ice Cave |   2308 |   2308 |      0 |    816 |    729 |   1 | 2308.0 |
        Wizlab |    694 |    694 |      0 |    239 |    198 |   1 |  694.0 |
      Gauntlet |   1656 |   1656 |      0 |    761 |    466 |   1 | 1656.0 |
               +--------+--------+--------+--------+--------+-----+--------+

Top non-repeatable levels by time:
Vaults:5: 5240 daAuts
     D:3: 3401 daAuts
     D:1: 3275 daAuts
   IceCv: 2308 daAuts
Spider:4: 2158 daAuts
 Ossuary: 2149 daAuts
   Zot:5: 2070 daAuts
     D:7: 1908 daAuts
  Lair:5: 1846 daAuts
     D:5: 1803 daAuts
     D:9: 1707 daAuts
Vaults:1: 1677 daAuts
     D:2: 1674 daAuts
Gauntlet: 1656 daAuts
Vaults:3: 1575 daAuts
